 Dungeon Crawl Stone Soup version 0.29.1-1-gd02db6906a (webtiles) character file.

Game seed: 11448240119817494733

0 HeroicFeet the Trooper (level 1, -8/19 HPs)
             Began as a Meteoran Abyssal Knight on Oct 21, 2022.
             Was a Believer of Lugonu.
             Mangled by an orange demon (10 damage)
             ... on level 1 of the Abyss.
             The game lasted 00:01:19 (123 turns).

HeroicFeet the Trooper (Meteoran Abyssal Knight)     Turns: 123, Time: 00:01:20

Health: -8/19      AC:  3    Str: 14    XL:     1   Next: 0%
Magic:  3/3        EV: 11    Int: 11    God:    Lugonu [**....]
Gold:   0          SH:  0    Dex: 14    Spells: 0/0 levels left

rFire   . . .      SeeInvis .   a - +1 mace
rCold   . . .      Faith    .   (no shield)
rNeg    . . .      Spirit   .   b - +0 leather armour
rPois   .          Reflect  .   (no helmet)
rElec   .          Harm     .   (no cloak)
rCorr   .          Rampage  .   (no gloves)
Will    .....                   (no boots)
Stlth   +.........              (no amulet)
HPRegen 0.06/turn               (no ring)
MPRegen 0.08/turn               (no ring)

@: lethally poisoned (-8 -> -15), glowing
A: sense surroundings 1, otherworldly, glowing, explore regen
a: Renounce Religion, Depart the Abyss, Bend Space


You were on level 1 of the Abyss.
You worshipped Lugonu.
Lugonu was pleased with you.
You visited 0 branches of the dungeon, and saw 0 of its levels.
You visited the Abyss 1 time.

Inventory:

Hand Weapons
 a - a +1 mace (weapon)
Armour
 b - a +0 leather armour (worn)


   Skills:
 + Level 3.2 Fighting
 + Level 2.6 Maces & Flails
 + Level 2.4 Armour
 + Level 1.2 Dodging
 + Level 2.4 Invocations


You couldn't memorise any spells.
You didn't know any spells.
Your spell library was empty.

Dungeon Overview and Level Annotations

Branches:
Dungeon (0/15)

Altars:


Innate Abilities, Weirdness & Mutations

You passively map a small area around you.
You are easily found by Zot.
You glow in the dark.
You regain HP and MP as you explore.


Message History

Welcome, HeroicFeet the Meteoran Abyssal Knight.
Will you be the one to retrieve the sublime Orb of Zot from the depths?
Lugonu says: Depart the Abyss and spread corruption, my servant! (use the ability menu to exit the Abyss) Press ? for a list of commands and other information.
Found two gateways leading out of the Abyss.
Found a corrupted altar of Lugonu.
Found a gateway leading deeper into the Abyss.
There is a corrupted altar of Lugonu here.
There is a gateway leading deeper into the Abyss here.
Found a gateway leading deeper into the Abyss.
A tentacled starspawn comes into view.
Found a gateway leading out of the Abyss.
Tentacles burst from the starspawn's body! 2 starspawn tentacles come into view.
A tentacle flies out from the starspawn's body!
A starspawn tentacle comes into view.
An orange demon comes into view.
An orange demon comes into view.
The orange demon screeches!
The orange demon stings you from afar.
You are lethally poisoned!
The orange demon poisons you!
You feel very sick. The orange demon stings you from afar.
You feel very sick.
A spatial vortex comes into view.
The orange demon stings you but does no damage.
* * * LOW HITPOINT WARNING * * *
You feel sick.
The tentacled starspawn closely misses you.
The tentacled starspawn barely misses you.
The orange demon closely misses you.
* * * LOW HITPOINT WARNING * * *
You feel sick.
Tentacles burst from the starspawn's body!
The orange demon stings you from afar!
Ouch! That really hurt!
You die...

.## ##. #v. ## ..
.. ##.##.# .
##.##.#...##.#
##..#.........
#..#...#...# .
###.#.w#44..# .
..# .#Xw...#
##.##.#. #@...##
####.....#..##...#
.....###..###
###...# # .... #.
.#.# ##. X## .. #.
# #.#.# ... #.
#..# .##. .. ##
#.# .. #. .. .. #
.#


You could see a tentacled starspawn, a spatial vortex, 2 orange demons and 2
starspawn tentacles.

Vanquished Creatures (others)
  4 starspawn tentacles (Abyss:1)
4 creatures vanquished.

Notes
Turn   | Place    | Note
-------+----------+-------------------------------------------
     0 | Abyss:1  | HeroicFeet the Meteoran Abyssal Knight began the quest for
                  | the Orb.
     0 | Abyss:1  | Reached XP level 1. HP: 19/19 MP: 3/3
     7 | Abyss:1  | Found a corrupted altar of Lugonu.
    70 | Abyss:1  | Noticed a tentacled starspawn
   114 | Abyss:1  | Noticed an orange demon
   116 | Abyss:1  | Noticed an orange demon
   121 | Abyss:1  | Noticed a spatial vortex
   123 | Abyss:1  | Mangled by an orange demon

Illustrated notes

Levels and vault maps discovered:
Abyss:1:  base: Temple, base: Temple, evilmike_abyss_exit_glass,
          evilmike_abyss_exit_glass

Action                   || total
-------------------------++-------
Armor: Leather armour    ||     1
Dodge: Dodged            ||     3
